 Dungeon Crawl Stone Soup version 0.25.0-10-g039870ee82 (webtiles) character file.

Game seed: 2627427426175105948

3124 Peloso the Carver (level 9, -4/78 HPs)
             Began as a Minotaur Fighter on June 23, 2020.
             Was a Believer of Okawaru.
             Slain by a hornet (7 damage)
             ... on level 9 of the Dungeon.
             The game lasted 00:14:37 (8428 turns).

Peloso the Carver (Minotaur Fighter)                Turns: 8428, Time: 00:14:38

Health: -4/78      AC: 20    Str: 23    XL:     9   Next: 60%
Magic:  6/8        EV: 10    Int:  5    God:    Okawaru [**....]
Gold:   505        SH: 13    Dex: 11    Spells: 8/8 levels left

rFire    . . .     SeeInvis .   a - +1 long sword
rCold    . . .     Gourm    .   c - +0 kite shield
rNeg     + . .     Faith    .   r - +0 plate armour
rPois    +         Spirit   .   q - +1 hat
rElec    .         Reflect  .   h - +1 cloak {Stlth+}
rCorr    .         Harm     .   x - -1 pair of gloves (curse)
MR       .....                  (no boots)
Stlth    ..........             (no amulet)
HPRegen  0.23/turn              j - ring of positive energy
MPRegen  0.11/turn              p - ring of poison resistance

@: heroism, flying, very slightly contaminated
A: retaliatory headbutt, horns 2
a: Heroism, Renounce Religion


You were on level 9 of the Dungeon.
You worshipped Okawaru.
Okawaru was pleased with you.
You were hungry.

You visited 2 branches of the dungeon, and saw 10 of its levels.
You also visited: Sewer.

You collected 505 gold pieces.

Inventory:

Hand Weapons
 a - a +1 long sword (weapon)
Missiles
 g - 15 bolts
Armour
 b - a +0 scale mail
 c - a +0 kite shield (worn)
 h - a +1 cloak of stealth (worn)
 q - a +1 hat (worn)
 r - a +0 plate armour (worn)
 x - a cursed -1 pair of gloves (worn)
Jewellery
 j - a ring of positive energy (left hand)
 m - an uncursed ring of fire
 p - a ring of poison resistance (right hand)
Wands
 u - a wand of random effects (20)
 v - a wand of flame (13)
Scrolls
 e - a scroll of fog
 i - 7 scrolls of identify
 s - 2 scrolls of remove curse
 w - a scroll of amnesia
 y - a scroll of teleportation {unknown}
Potions
 d - a potion of might
 k - 2 potions of flight
 l - 2 potions of curing {unknown}
 o - a potion of berserk rage
Comestibles
 f - 17 rations
 n - 7 chunks of flesh


   Skills:
 + Level 6.9(11.9) Fighting
 + Level 9.5(14.5) Long Blades
 + Level 8.7(13.7) Armour
 + Level 2.8(7.8) Dodging
 + Level 1.1(6.1) Stealth
 + Level 8.8(13.8) Shields
 + Level 0.1 Invocations


You had 8 spell levels left.
You didn't know any spells.
Your spell library was empty.

Dungeon Overview and Level Annotations

Branches:
Dungeon (9/15)             Temple (1/1) D:7           Sewer (visited)
   Lair: D:8-11         Orc: D:9-12

Altars:
Cheibriados
Fedhas
Hepliaklqana
Kikubaaqudgha
Makhleb
Nemelex Xobeh
Okawaru
Qazlal
Trog
Uskayaw
Wu Jian
Xom
Yredelemnul
Zin
The Shining One

Shops:
D:5 *   D:7 (


Innate Abilities, Weirdness & Mutations

You reflexively headbutt those who attack you in melee.
You have a pair of horns on your head.


Message History

* * * LOW HITPOINT WARNING * * *
You block the killer bee's attack.
Blink to where?
Press: ? - help, Dir - move target cursor
As you read the scroll of blinking, it crumbles to dust.
The hornet closely misses you. You furiously retaliate!
You headbutt the hornet!
You riposte.
You hit the hornet. Your headbutt misses the hornet.
The hornet is almost dead.
You climb downwards.
Found a scroll of identify.
There is a stone staircase leading up here.
You gain the combat prowess of a mighty hero.
The hornet stings you!
* * * LOW HITPOINT WARNING * * *
The hornet misses you.
It was a potion of flight.
You feel very buoyant.
You fly up into the air.
The hornet stings you!
You die...

#### #@.#
#..y...#
#.##.....#
#.
.........
..
...###...
.. ...##
.. . ...#
. ...?#


You could see a hornet.

Vanquished Creatures
  A two-headed ogre (D:8)
  Menkaure (D:5)
  3 orc warriors
  A sky beast (D:7)
  A black bear (D:7)
  A phantom (D:8)
  An ogre (D:7)
  6 centaurs
  A big kobold (Sewer)
  2 bullfrogs (D:6)
  2 crimson imps (D:5)
  A bullfrog zombie (D:8)
  2 hounds
  7 orc priests
  Crazy Yiuf (D:7)
  2 iguanas
  8 orc wizards
  4 worker ants
  2 hound skeletons (D:4)
  4 gnolls (D:6)
  7 adders
  2 river rats (Sewer)
  2 shadow imps
  2 adder zombies (D:8)
  A worm (D:4)
  A dart slug (D:1)
  2 leopard geckos
  21 orcs
  4 bats
  6 giant cockroaches
  6 goblins
  5 hobgoblins
  6 jackals
  2 quokkas
  2 ball pythons (D:3)
  9 frilled lizards
  11 kobolds
  A leopard gecko skeleton (D:4)
  A leopard gecko zombie (D:4)
  11 rats
153 creatures vanquished.

Notes
Turn   | Place    | Note
-------+----------+-------------------------------------------
     0 | D:1      | Peloso the Minotaur Fighter began the quest for the Orb.
     0 | D:1      | Reached XP level 1. HP: 19/19 MP: 0/0
   298 | D:1      | Reached XP level 2. HP: 22/27 MP: 1/1
   682 | D:1      | Reached XP level 3. HP: 33/33 MP: 2/2
   988 | D:2      | Found a snail-covered altar of Cheibriados.
  1192 | D:2      | Reached skill level 1 in Dodging
  1517 | D:2      | Found an ornate altar of the Wu Jian Council.
  1517 | D:2      | Found a burning altar of Makhleb.
  1740 | D:3      | Reached skill level 3 in Long Blades
  1740 | D:3      | Reached XP level 4. HP: 37/40 MP: 3/3
  1998 | D:3      | Found a faded altar of an unknown god.
  2839 | D:4      | Reached skill level 4 in Long Blades
  2839 | D:4      | Reached XP level 5. HP: 44/46 MP: 4/4
  3114 | D:4      | Reached XP level 6. HP: 10/53 MP: 5/5
  3454 | D:4      | Found a hide-covered altar of Uskayaw.
  3474 | D:4      | Reached skill level 5 in Armour
  3548 | D:4      | Reached skill level 5 in Long Blades
  3587 | D:4      | Reached skill level 5 in Shields
  3931 | D:5      | Entered Level 5 of the Dungeon
  4065 | D:5      | Found Kosenguf's Lightly-Used Armoury.
  4122 | D:5      | Found a glowing drain.
  4137 | Sewer    | Entered a sewer
  4221 | Sewer    | Reached XP level 7. HP: 57/60 MP: 6/6
  4304 | Sewer    | Found a white marble altar of Elyvilon.
  4799 | D:5      | Reached skill level 6 in Long Blades
  4934 | D:5      | Noticed Menkaure
  4941 | D:5      | Killed Menkaure
  5292 | D:6      | Reached skill level 5 in Fighting
  5452 | D:6      | Found a glowing golden altar of the Shining One.
  5513 | D:6      | Found a basalt altar of Yredelemnul.
  5518 | D:6      | Reached skill level 7 in Long Blades
  5519 | D:6      | Noticed a profane servitor
  5581 | D:6      | Found a stormy altar of Qazlal.
  5617 | D:6      | Reached XP level 8. HP: 66/68 MP: 7/7
  5673 | D:6      | Reached skill level 8 in Long Blades
  5883 | D:6      | Found a hazy altar of Hepliaklqana.
  5884 | D:6      | Found a shimmering altar of Xom.
  5885 | D:6      | Noticed a spectral ugly thing
  6102 | D:6      | Noticed an angel
  6246 | D:7      | Found a runed translucent door.
  6247 | D:7      | Noticed Crazy Yiuf
  6311 | D:7      | Found Ping's Antique Weapon Emporium.
  6312 | D:7      | Found a staircase to the Ecumenical Temple.
  6323 | Temple   | Entered the Ecumenical Temple
  6360 | Temple   | Became a worshipper of Warmaster Okawaru
  7297 | D:7      | Reached * piety under Okawaru
  7297 | D:7      | Reached XP level 9. HP: 32/75 MP: 8/8
  7709 | D:7      | Killed Crazy Yiuf
  7709 | D:7      | Reached skill level 9 in Long Blades
  7862 | D:8      | Noticed a two-headed ogre
  7875 | D:8      | Killed a two-headed ogre
  7875 | D:8      | Reached ** piety under Okawaru
  7875 | D:8      | Reached skill level 1 in Stealth
  8427 | D:9      | HP: 3/78 [hornet (8)]
  8428 | D:9      | Slain by a hornet

Illustrated notes

Levels and vault maps discovered:
D:1:      eino_arrival_cavern_a, layout_loops_ring
D:2:      layout_loops_cross, cheibriados_altar_1,
          gammafunk_temple_overflow_pools, feat_on_display
D:3:      layout_loops_ring, first_ration,
          chequers_ecumenical_altar_simple_redux, minmay_misc_feat_encased,
          chequers_arboretum, serial_bayou_pond_c
D:4:      layout_loops_ring, lemuel_round_altar, minmay_misc_feat_ornament,
          minmay_curled_crystal
D:5:      layout_gridville, portal_sewer_entry_d, minmay_shop_damaged,
          uniq_menkaure
D:6:      layout_loops_ring, grunt_temple_overflow_holy_war,
          regret_index_temple_of_mockery, lemuel_crystal_altar
D:7:      layout_cave_pools, minmay_temple_entry_mini_moons, serial_shops,
          nicolae_shop_overgrown_old_shop, uniq_crazy_yiuf_cottage
D:8:      layout_loops_ring, grunt_dithmenos_shadows,
          nicolae_overflow_crystal_walls
D:9:      layout_big_octagon, hangedman_ranch [blue_anna_fruit_fields]
Temple:   bh_familiar_temple

Skill      XL: |  1  2  3  4  5  6  7  8  9 |
---------------+----------------------------+-----
Fighting       | 4 5 6 |  6.9
Armour         | 4 5 6 7 8 |  8.7
Dodging        | 1 2 |  2.8
Long Blades    | 3 4 5 7 8 9 |  9.5
Shields        | 4 5 6 7 8 |  8.8
Stealth        | 1 |  1.1
Invocations    | |  0.1

Action                   |  1- 3 |  4- 6 |  7- 9 || total
-------------------------+-------+-------+-------++-------
Melee: Long sword        |    90 |   186 |   265 ||   541
       Headbutt          |    11 |    32 |    63 ||   106
Invok: Heroism           |       |       |     2 ||     2
  Use: Potion            |       |     1 |     2 ||     3
       Scroll            |       |     9 |     2 ||    11
  Eat: Chunk             |     3 |     8 |    13 ||    24
Armor: Scale mail        |    43 |    17 |       ||    60
       Plate armour      |       |   115 |   138 ||   253
Dodge: Dodged            |    40 |    43 |    43 ||   126
Block: Kite shield       |    55 |   118 |   161 ||   334
       Rpst.: Long sword |    16 |    13 |    11 ||    40
